 Dungeon Crawl Stone Soup version 0.25.1-8-g42b30a86e7 (webtiles) character file.

Game seed: 11776802475944617762

247 midijamz the Chopper (level 5, -1/48 HPs)
             Began as a Minotaur Berserker on Dec 11, 2020.
             Was a Believer of Trog.
             Slain by Prince Ribbit (7 damage)
             ... on level 5 of the Dungeon.
             The game lasted 00:04:08 (2795 turns).

midijamz the Chopper (Minotaur Berserker)           Turns: 2795, Time: 00:04:09

Health: -1/48      AC: 11    Str: 21 (23) XL:     5   Next: 85%
Magic:  4/4        EV:  7    Int:  4      God:    Trog [**....]
Gold:   147        SH:  0    Dex:  9      Spells: 4/4 levels left

rFire    . . .     SeeInvis .   a - +0 hand axe
rCold    . . .     Gourm    .   (no shield)
rNeg     . . .     Faith    .   j - +0 plate armour
rPois    .         Spirit   .   (helmet restricted)
rElec    .         Reflect  .   (no cloak)
rCorr    .         Harm     .   (no gloves)
MR       .....                  (no boots)
Stlth    ..........             (no amulet)
HPRegen  0.16/turn              (no ring)
MPRegen  0.09/turn              (no ring)

@: berserk cooldown, slowed, very slow
A: retaliatory headbutt, horns 2
a: Berserk, Trog's Hand, Renounce Religion


You were on level 5 of the Dungeon.
You worshipped Trog.
Trog was pleased with you.
You were not hungry.

You visited 1 branch of the dungeon, and saw 4 of its levels.

You collected 147 gold pieces.

Inventory:

Hand Weapons
 a - a +0 hand axe (weapon)
 f - a +0 dagger of draining
Armour
 b - a +0 animal skin
 j - a +0 plate armour (worn)
Jewellery
 d - an uncursed ring of positive energy {unknown}
Scrolls
 e - a scroll of enchant weapon {unknown}
 g - a scroll of amnesia
 i - a scroll of fog
 l - a scroll of fear {unknown}
 m - a scroll of immolation {unknown}
 n - a scroll of remove curse {unknown}
 o - 2 scrolls of teleportation {unknown}
 r - a scroll of identify
Potions
 h - 2 potions of heal wounds
 k - a potion of magic
 p - a potion of curing {unknown}
 q - a potion of brilliance {unknown}
Comestibles
 c - 4 rations


   Skills:
 + Level 5.0 Fighting
 + Level 5.9 Axes
 + Level 4.1 Armour
 + Level 2.8 Dodging
 + Level 0.1 Stealth


You had 4 spell levels left.
You didn't know any spells.
Your spell library was empty.

Dungeon Overview and Level Annotations

Branches:
Dungeon (3/15)

Altars:

Annotations:
D:5 Prince Ribbit


Innate Abilities, Weirdness & Mutations

You reflexively headbutt those who attack you in melee.
You have a pair of horns on your head.


Message History

Prince Ribbit croaks regally.
You feel your anger nearly subside.
The orc shouts!
You hear a shout!
You barely miss Prince Ribbit.
Prince Ribbit is lightly wounded.
Prince Ribbit hits you!
You hit Prince Ribbit.
Prince Ribbit is lightly wounded.
You barely miss Prince Ribbit. Your headbutt misses Prince Ribbit.
Prince Ribbit is lightly wounded.
You are no longer berserk.
You are exhausted.
You feel yourself slow down. Prince Ribbit hits you!
You miss Prince Ribbit. Your headbutt misses Prince Ribbit.
Prince Ribbit is lightly wounded.
Prince Ribbit hits you!
* * * LOW HITPOINT WARNING * * *
Prince Ribbit barely misses you. You furiously retaliate!
You headbutt Prince Ribbit. Prince Ribbit hits you!
You die...

################
................
................
................
.......@........
.......F........
.....o..).......
###...##.....##.
#...##.....#
.....#......###
..... #.........
..... #............#
########...........#


You could see Prince Ribbit and an orc.

Vanquished Creatures
  A centaur (D:5)
  A bullfrog zombie (D:3)
  3 gnolls (D:2)
  3 adders
  An ooze (D:2)
  3 worms
  2 dart slugs
  4 leopard geckos
  2 orcs (D:5)
  A ball python (D:2)
  8 bats
  A giant cockroach (D:1)
  7 goblins
  8 hobgoblins
  3 kobolds
  2 quokkas (D:2)
  2 frilled lizards
  A quokka zombie (D:5)
  9 rats
62 creatures vanquished.

Vanquished Creatures (others)
  5 toadstools (D:3)
5 creatures vanquished.

Grand Total: 67 creatures vanquished

Notes
Turn   | Place    | Note
-------+----------+-------------------------------------------
     0 | D:1      | midijamz the Minotaur Berserker began the quest for the
                  | Orb.
     0 | D:1      | Reached XP level 1. HP: 19/19 MP: 0/0
   412 | D:1      | Reached XP level 2. HP: 27/27 MP: 1/1
  1107 | D:2      | Reached XP level 3. HP: 33/33 MP: 2/2
  1360 | D:2      | Reached ** piety under Trog
  1369 | D:2      | Reached XP level 4. HP: 34/41 MP: 3/3
  1395 | D:2      | Reached skill level 5 in Axes
  2332 | D:3      | Reached XP level 5. HP: 47/47 MP: 4/4
  2564 | D:3      | You fall into a shaft and drop 2 floors!
  2564 | D:5      | Entered Level 5 of the Dungeon
  2571 | D:5      | Noticed a centaur
  2581 | D:5      | Killed a centaur
  2581 | D:5      | Reached skill level 5 in Fighting
  2779 | D:5      | Noticed Prince Ribbit
  2795 | D:5      | Slain by Prince Ribbit

Illustrated notes

Levels and vault maps discovered:
D:1:      mrwooster_arrival_statue_2, layout_loops_ring
D:2:      minmay_general_purpose_star, layout_basic, grunt_decor_fettered,
          minmay_misc_feat_tower
D:3:      cheibrodos_fertilizer, layout_loops_ring, doesnt_xom_only_xom,
          uniq_grinder, uniq_robin, uniq_natasha
D:5:      layout_gridville, lemuel_coloured_pillars_altar, uniq_prince_ribbit1

Skill      XL: |  1  2  3  4  5 |
---------------+----------------+-----
Axes           | 4 5 |  5.9
Fighting       | 4 5 |  5.0
Armour         | 3 4 |  4.1
Dodging        | |  2.8
Stealth        | |  0.1

Action                   |  1- 3 |  4- 6 || total
-------------------------+-------+-------++-------
Melee: Hand axe          |    78 |    78 ||   156
       Headbutt          |    11 |    10 ||    21
Invok: Berserk           |       |     3 ||     3
  Use: Scroll            |       |     4 ||     4
       Potion            |       |     2 ||     2
  Eat: Chunk             |     1 |     7 ||     8
Armor: Animal skin       |     5 |       ||     5
       Plate armour      |    28 |    55 ||    83
Dodge: Dodged            |    44 |    24 ||    68
